Map: Darkness Sanctuary LE

Players

erikmaster - Winner!

  • Race: Protoss Protoss
  • League: Diamond
  • Spawn Location: 1:00

tetherball

  • Race: Zerg Zerg
  • League: Diamond
  • Spawn Location: 5:00

VOD

https://lotv.spawningtool.com/38637/

Description

The patented carrier into whatever build used by erikamster

Time

  • Played on: June 20, 2018, 6:47 p.m.
  • Length: 20:02
Show
View Real Time Build Order
Export as new Build Order

erikmaster Protoss - Winner!

Build Orders: 1 Gate Expand 

Get SALT Encoding   

  12  0:02  Probe  
  13  0:14  Probe  
  14  0:21  Pylon  
  14  0:26  Probe  
  15  0:35  Probe  
  16  0:45  Probe  
  16  0:46  Gateway  
  16  0:49  Assimilator  
  17  0:57  Probe  
  18  1:05  Probe  
  19  1:13  Probe  
  20  1:27  Nexus  
  20  1:30  Probe  
  21  1:40  Cybernetics Core  
  21  1:42  Probe  
  22  1:52  Assimilator  
  22  1:54  Pylon  
  22  1:58  Probe  
  23  2:09  Stalker  
  23  2:12  Probe  
  24  2:20  Warp Gate  
  26  2:24  Probe  
  27  2:36  Probe  
  28  2:38  Adept, Gateway  
  28  2:42  Probe  
  31  2:48  Probe  
  32  2:54  Probe  
  33  3:01  Probe  
  33  3:04  Probe  
  34  3:10  Adept  
  34  3:11  Stargate  
  34  3:12  Probe  
  35  3:13  Probe  
  39  3:20  Probe  
  39  3:25  Probe  
  41  3:33  Probe  
  42  3:37  Probe  
  43  3:44  Assimilator  
  43  3:45  Probe  
  43  3:48  Assimilator  
  44  3:49  Probe  
  45  3:57  Probe  
  45  4:00  Nexus  
  46  4:06  Oracle  
  46  4:08  Shield Battery  
  46  4:10  Pylon  
  46  4:13  Probe  
  46  4:14  Probe  
  46  4:28  Probe  
  47  4:31  Pylon  
  47  4:33  Stalker, Pylon  
  47  4:34  Stalker  
  51  4:41  Oracle, Probe  
  52  4:49  Probe  
  52  4:51  Pylon  
  55  4:54  Pylon  
  55  4:58  Probe  
  55  4:59  Stargate  
  56  5:01  Fleet Beacon  
  56  5:03  Stalker  
  56  5:06  Adept  
  59  5:32  Probe x2  
  59  5:33  Probe  
  62  5:42  Probe  
  62  5:43  Void Ray  
  62  5:44  Probe  
  62  5:45  Probe  
  62  5:49  Phoenix  
  65  5:50  Probe  
  65  5:57  Probe x2  
  71  5:59  Probe, Gateway x2  
  71  6:02  Shield Battery, Forge  
  71  6:04  Pylon  
  75  6:07  Assimilator  
  75  6:09  Probe  
  76  6:11  Assimilator  
  76  6:18  Pylon  
  76  6:20  Pylon  
  76  6:21  Adept x2  
  76  6:23  Probe  
  80  6:26  Carrier, Probe  
  80  6:27  Carrier, Probe  
  83  6:37  Protoss Air Weapons Level 1  
  89  6:44  Graviton Catapult  
  95  6:51  Adept x2  
  91  7:06  Probe x2  
  82  7:15  Probe  
  83  7:17  Adept x4  
  83  7:18  Probe  
  92  7:24  Pylon  
  92  7:38  Gateway  
  92  7:40  Gateway  
  92  7:42  Adept  
  92  7:43  Gateway  
  94  7:44  Photon Cannon  
  94  7:46  Photon Cannon  
  94  7:49  Photon Cannon  
  94  7:52  Protoss Ground Weapons Level 1  
  94  7:54  Cybernetics Core  
  94  7:56  Photon Cannon  
  94  7:59  Carrier  
  100  8:15  Adept x2  
  100  8:16  Adept x2  
  108  8:23  Probe  
  108  8:24  Probe  
  108  8:25  Probe  
  110  8:35  Probe  
  110  8:36  Adept  
  110  8:37  Adept, Photon Cannon  
  110  8:38  Photon Cannon  
  109  8:47  Carrier  
  109  8:49  Adept  
  109  8:52  Shield Battery  
  111  8:57  Probe x3  
  114  9:04  Photon Cannon  
  114  9:09  Probe  
  115  9:12  Probe x2  
  115  9:13  Twilight Council  
  117  9:21  Probe  
  117  9:24  Probe x2  
  120  9:31  Pylon  
  120  9:32  Gateway  
  120  9:34  Pylon  
  120  9:37  Probe  
  121  9:39  Resonating Glaives  
  121  9:40  Pylon  
  121  9:42  Photon Cannon  
  121  9:44  Adept x2  
  125  9:47  Pylon  
  125  9:55  Adept x2  
  125  9:56  Adept  
  125  9:57  Pylon  
  125  9:59  Pylon  
  131  10:00  Pylon  
  131  10:08  Sentry x3  
  131  10:09  Templar Archives, Mothership  
  137  10:17  Photon Cannon  
  137  10:18  Protoss Air Weapons Level 2  
  137  10:25  Carrier  
  145  10:28  Protoss Ground Weapons Level 2  
  151  10:50  Pylon  
  151  10:52  Gateway  
  151  10:55  Gateway  
  151  10:57  Photon Cannon  
  151  10:59  Photon Cannon  
  151  11:00  Pylon  
  151  11:21  Adept x2  
  155  11:27  Nexus  
  155  11:31  Pylon  
  155  11:32  Carrier, Photon Cannon  
  155  11:33  Pylon  
  155  11:35  Shield Battery x2  
  161  11:49  Adept x2  
  161  11:50  High Templar  
  161  11:51  Stalker  
  161  11:52  High Templar x2  
  161  11:53  High Templar  
  175  12:06  Photon Cannon  
  175  12:09  Photon Cannon  
  175  12:11  Photon Cannon  
  175  12:27  Protoss Air Weapons Level 3  
  175  12:30  Photon Cannon x2  
  175  12:32  Photon Cannon  
  175  12:33  Photon Cannon, Void Ray  
  175  12:39  Pylon  
  175  12:42  Protoss Shields Level 1  
  179  12:45  Assimilator  
  179  12:50  Assimilator  
  179  12:55  Shield Battery  
  179  13:04  Robotics Facility  
  179  13:06  Psionic Storm  
  179  13:08  Pylon  
  179  13:10  High Templar x3  
  185  13:41  Void Ray  
  185  13:47  Void Ray  
  193  14:06  Stargate  
  193  14:07  Stargate  
  193  14:11  Stargate  
  193  14:12  Void Ray  
  185  14:17  Void Ray  
  169  14:28  Charge  
  177  14:36  Observer  
  177  14:39  Zealot x4  
  177  14:40  Zealot x2  
  177  14:45  Probe x3  
  193  14:54  Void Ray  
  193  14:57  Zealot  
  193  14:58  Pylon  
  200  15:07  Observer  
  190  15:49  Stalker  
  192  15:50  Stalker  
  192  15:51  Stalker x3  
  200  16:02  Nexus  
  200  16:45  Assimilator  
  200  16:55  Blink  
  200  16:58  Protoss Air Armor Level 1  
  200  17:10  Anion Pulse-Crystals  
  200  17:38  Nexus  
  200  17:58  Nexus  
  200  18:00  Pylon x2  
  200  18:02  Assimilator, Pylon  
  200  18:05  Assimilator  
  194  18:23  Photon Cannon x2  
  194  18:25  Photon Cannon  
  194  18:27  Photon Cannon  
  194  18:28  Photon Cannon  
  194  18:29  Photon Cannon  
  194  18:31  Photon Cannon  
  194  18:33  Photon Cannon  
  194  18:34  Photon Cannon  
  194  18:36  Shield Battery  
  194  18:38  Shield Battery  
  194  18:39  Void Ray  
  194  18:40  Shield Battery  
  194  19:36  Pylon  
  194  19:38  Stargate  
  194  19:40  Stargate  
  194  19:41  Pylon  
  194  19:43  Stargate  
  194  19:45  Stargate  
Show
View Real Time Build Order
Export as new Build Order

tetherball Zerg 

Build Orders: Hatch First 

Get SALT Encoding   

  12  0:01  Drone  
  13  0:08  Drone  
  14  0:17  Overlord  
  14  0:35  Drone x2  
  16  0:50  Hatchery  
  16  0:53  Drone  
  16  0:56  Drone  
  17  1:11  Spawning Pool  
  16  1:14  Drone  
  16  1:15  Extractor  
  16  1:18  Drone  
  17  1:31  Drone x2  
  19  1:41  Drone  
  20  1:52  Drone  
  21  2:01  Overlord, Queen  
  21  2:02  Queen  
  21  2:03  Zergling x2  
  26  2:12  Drone  
  26  2:14  Metabolic Boost  
  27  2:22  Zergling x2  
  28  2:25  Drone x2  
  30  2:35  Drone  
  30  2:36  Drone  
  32  2:51  Overlord  
  32  2:53  Drone  
  32  3:00  Zergling x4  
  34  3:06  Overlord  
  34  3:15  Drone x2  
  34  3:16  Overlord x2  
  36  3:21  Hatchery, Zergling x2  
  36  3:24  Drone x2  
  38  3:29  Spore Crawler  
  38  3:31  Spore Crawler, Drone x2  
  38  3:36  Drone  
  38  3:37  Drone  
  40  3:44  Queen  
  40  3:45  Drone  
  43  3:50  Drone x6  
  43  3:51  Drone  
  43  3:55  Extractor  
  49  3:56  Extractor x2, Drone  
  49  4:02  Drone  
  48  4:07  Zergling x2  
  47  4:12  Drone  
  47  4:19  Zergling x2  
  47  4:20  Zergling x6  
  47  4:22  Drone x3  
  54  4:37  Queen  
  56  4:38  Drone  
  56  4:39  Drone x3  
  56  4:44  Spine Crawler  
  59  4:46  Spore Crawler  
  59  4:51  Drone x6  
  64  4:57  Lair  
  64  4:58  Drone x2  
  64  4:59  Overlord x2  
  65  5:18  Queen  
  65  5:32  Zergling x12  
  65  5:33  Zergling x16  
  79  5:49  Roach Warren  
  78  5:57  Evolution Chamber  
  77  6:04  Drone  
  77  6:05  Zergling x8  
  77  6:08  Hydralisk Den  
  81  6:12  Overlord x3  
  81  6:13  Overlord x2  
  81  6:15  Evolution Chamber  
  80  6:20  Drone x2  
  82  6:27  Overlord  
  82  6:28  Overlord  
  82  6:29  Hatchery, Glial Reconstitution  
  81  6:42  Grooved Spines  
  68  7:16  Zergling x6, Hydralisk x7  
  68  7:17  Hydralisk x2, Zergling x12  
  94  7:28  Hydralisk  
  94  7:29  Zergling x6, Hydralisk x3  
  105  7:30  Zergling x2  
  105  7:41  Zerg Melee Weapons Level 1, Zerg Ground Armor Level 1  
  105  7:42  Zergling x4, Hydralisk x2  
  110  7:53  Hydralisk x2  
  110  7:54  Muscular Augments, Zergling x4  
  117  7:58  Drone, Queen  
  119  8:12  Drone  
  120  8:13  Drone x9  
  120  8:18  Infestation Pit  
  128  8:21  Zergling x14  
  119  8:47  Hydralisk x2  
  119  8:48  Zergling x10, Hydralisk x4  
  112  8:49  Zergling x2  
  113  8:57  Zergling x2, Hydralisk x5  
  113  8:58  Zergling x8  
  115  9:11  Extractor, Drone  
  115  9:12  Extractor, Drone x5  
  115  9:13  Drone x3  
  120  9:18  Infestor  
  120  9:19  Hydralisk  
  121  9:57  Zerg Missile Weapons Level 1, Zerg Ground Armor Level 2  
  121  10:01  Hydralisk  
  121  10:02  Hydralisk x5  
  133  10:12  Hive  
  133  10:15  Extractor  
  133  10:17  Extractor  
  131  10:33  Hatchery  
  130  10:41  Spire, Hatchery  
  128  10:43  Hydralisk x6  
  128  10:44  Hydralisk  
  128  10:46  Zergling x2  
  128  10:47  Overlord, Hatchery, Zergling x2  
  128  10:48  Overlord x10, Hatchery  
  142  10:58  Hatchery  
  141  11:09  Hydralisk  
  141  11:10  Hydralisk x8  
  156  11:36  Viper x3  
  165  11:45  Viper  
  168  11:54  Roach x7  
  170  11:55  Roach  
  184  12:05  Queen  
  184  12:07  Queen  
  188  12:14  Drone  
  188  12:15  Drone x2  
  191  12:16  Drone x2  
  191  12:17  Drone x2  
  191  12:18  Drone  
  191  12:19  Drone x3  
  199  12:25  Drone  
  200  12:37  Zerg Missile Weapons Level 2  
  200  12:38  Zerg Ground Armor Level 3  
  200  12:41  Spire  
  199  12:45  Zerg Flyer Weapons Level 1  
  199  12:51  Spire, Extractor  
  198  12:52  Extractor  
  196  13:09  Drone x2  
  198  13:13  Extractor  
  198  13:15  Extractor, Drone x3  
  198  13:19  Drone  
  200  13:21  Extractor  
  200  13:22  Drone  
  200  13:23  Extractor, Drone  
  200  13:34  Overseer x2  
  200  13:39  Overseer x3  
  200  13:41  Overseer  
  200  13:43  Pneumatized Carapace  
  178  14:14  Corruptor x12, Unknown x3  
  178  14:15  Corruptor x4, Unknown  
  175  14:20  Corruptor  
  128  14:37  Corruptor x3  
  134  14:49  Zerg Flyer Armor Level 1  
  134  14:59  Corruptor x2  
  136  15:02  Drone x3  
  136  15:06  Drone x2  
  136  15:24  Overseer x4  
  136  15:30  Corruptor  
  136  15:31  Corruptor x2  
  121  15:43  Corruptor  
  121  15:47  Corruptor  
  83  16:28  Corruptor  
  83  16:29  Corruptor x8  
  57  18:45  Overlord x9  
  57  18:46  Overlord x12  
Tags
 
Add a new tag
Caveats
  • Supply blocks, unpowered buildings, or Contaminate may cause inaccurate times.
  • Supply counts are checked every 10 seconds.